 Dungeon Crawl Stone Soup version 0.31-a0-202-g547052bce9 (webtiles) character file.

Game seed: 13870897710842417490

88 qw the Shooter (level 4, -1/25 HPs)
             Began as a Deep Elf Hunter on June 26, 2023.
             Slain by a black bear (7 damage)
             ... on level 3 of the Dungeon.
             The game lasted 00:00:41 (1696 turns).

qw the Shooter (Deep Elf Hunter)                    Turns: 1696, Time: 00:00:41

Health: -1/25      AC:  6    Str: 10    XL:     4   Next: 30%
Magic:  6/6        EV:  9    Int: 14    God:
Gold:   104        SH:  0    Dex: 18    Spells: 3/3 levels left

rFire   . . .        Y - +0 shortbow
rCold   . . .        (shield currently unavailable)
rNeg    . . .        d - +0 scale mail
rPois   .            (no helmet)
rElec   .            (no cloak)
rCorr   .            (no gloves)
SInv    .            (no boots)
Will    .....        (no amulet)
Stlth   +            (no ring)
HPRegen 0.24/turn    (no ring)
MPRegen 0.10/turn

%: no passive effects
@: no status effects
A: no striking features
a: no special abilities


You were on level 3 of the Dungeon.
You visited 1 branch of the dungeon, and saw 3 of its levels.

You collected 104 gold pieces.


   Skills:
 - Level 1.5 Fighting
 + Level 7.7 Ranged Weapons
 - Level 2.4 Dodging
 - Level 1.2 Stealth


You had 3 spell levels left.
You didn't know any spells.
Your spell library was empty.

Inventory:

Hand Weapons
 Y - a +0 shortbow (weapon)
Armour
 d - a +0 scale mail (worn)
Jewellery
 c - an amulet of the acrobat
Scrolls
 j - 3 scrolls of enchant armour
Potions
 a - 2 potions of experience {unknown}
 b - a potion of heal wounds {unknown}
 e - a potion of ambrosia {unknown}
 f - a potion of haste {unknown}
 g - a potion of mutation {unknown}
 l - a potion of curing {unknown}

Dungeon Overview and Level Annotations

Branches:
Dungeon (3/15)

Altars:


Message History

You shoot an arrow. The arrow hits the black bear!
The black bear is moderately wounded.
You shoot an arrow. The arrow barely misses the black bear.
You shoot an arrow.
The arrow hits the black bear but does no damage.
The black bear is moderately wounded.
The black bear bites you but does no damage.
The black bear claws you but does no damage.
The black bear misses you.
You shoot an arrow. The arrow barely misses the black bear.
The black bear barely misses you.
The black bear claws you but does no damage. x2
You shoot an arrow.
The arrow hits the black bear but does no damage.
The black bear is moderately wounded.
The black bear barely misses you. x2
The black bear claws you but does no damage.
You shoot an arrow. The arrow hits the black bear.
The black bear is moderately wounded.
The black bear bites you but does no damage.
The black bear barely misses you. x2; The black bear closely misses you.
The black bear completely misses you.
The black bear claws you but does no damage.
You shoot an arrow. The arrow hits the black bear.
The black bear is heavily wounded.
The black bear bites you. The black bear barely misses you. x2
You shoot an arrow. The arrow hits the black bear.
The black bear is heavily wounded.
The black bear bites you. The black bear closely misses you. x2
You shoot an arrow.
The arrow completely misses the black bear.
The black bear bites you! The black bear claws you. x2
The black bear bites you but does no damage.
The black bear barely misses you. x2
You shoot an arrow. The arrow hits the black bear!
The black bear is almost dead.
The black bear goes berserk!
You shoot an arrow. The arrow barely misses the black bear.
The black bear bites you!
You die...

#####....# #.# #....(..#
..#_#....#####.#####.......#
..#.#.~........##.(........##
.P.~.#.....###.##.#####...>%#
.}PPP#.....# #.##.#
#.....#####
.}.P.#P....###.##.#
#.........<
~.~..#............#
#.....####.
P..P..#....###....#####...#.#
#.# PPPP.P#....#
###@...........# ##.
...).......# #h...........#
## ...........#
#.....#####..# # ...........#
#.....# #..# ...###.#####
#.....# #... ..####.# ##....#
........ ....# .#####...
..... .# ##


You could see a black bear (berserk).

Vanquished Creatures
  3 adders
  A worm (D:3)
  3 dart slugs
  6 ball pythons
  3 bats
  2 endoplasms (D:1)
  3 giant cockroaches
  5 goblins (D:1)
  6 hobgoblins
  2 jackals (D:2)
  4 quokkas
  2 frilled lizards (D:1)
  4 kobolds (D:1)
  6 rats
50 creatures vanquished.

Notes
Turn   | Place    | Note
-------+----------+-------------------------------------------
     0 | D:1      | qw the Deep Elf Hunter began the quest for the Orb.
     0 | D:1      | Reached XP level 1. HP: 12/12 MP: 3/3
     0 | D:1      | 0 ||| qw: Version: 0.3-a-22-g0ed2b0b
     0 | D:1      | 0 ||| qw: Game counter: 5857
     0 | D:1      | 0 ||| qw: Melee chars always use a shield: true
     0 | D:1      | 0 ||| qw: God list: Okawaru
     0 | D:1      | 0 ||| qw: Allow faded altars: false
     0 | D:1      | 0 ||| qw: Do Orc after clearing Dungeon:15 true
     0 | D:1      | 0 ||| qw: Do second Lair branch before Depths: true
     0 | D:1      | 0 ||| qw: Lair rune preference: random
     0 | D:1      | 0 ||| qw: Goals: Normal
     0 | D:1      | 0 ||| PLANNING D:1-11
   157 | D:1      | Reached XP level 2. HP: 16/16 MP: 4/4
   212 | D:1      | Reached skill level 6 in Ranged Weapons
   494 | D:1      | Reached XP level 3. HP: 20/20 MP: 5/5
   732 | D:1      | 732 ||| READING scroll labelled HAYSIO XEUX.
   733 | D:1      | 733 ||| DROPPING scroll of butterflies.
   881 | D:2      | Reached skill level 7 in Ranged Weapons
  1250 | D:2      | Reached XP level 4. HP: 21/25 MP: 6/6
  1405 | D:2      | 1405 ||| UPGRADING to +0 scale mail.
  1415 | D:2      | 1415 ||| DROPPING +0 leather armour.
  1416 | D:2      | 1416 ||| READING scroll labelled DOICWO LI MUM.
  1417 | D:2      | 1417 ||| READING scroll labelled KIBLUGG PATU.
  1418 | D:2      | 1418 ||| READING scroll labelled ANWATW ONAXERCH.
  1419 | D:2      | 1419 ||| READING scroll labelled OQICEMEPIER.
  1420 | D:2      | 1420 ||| READING scroll labelled POM XOLUF COEQAE.
  1521 | D:2      | 1521 ||| READING scroll labelled KIXUOM ALANA.
  1522 | D:2      | 1522 ||| READING scroll labelled GATREI VACS.
  1527 | D:2      | 1527 ||| READING scroll labelled ASAUDO EFASA.
  1598 | D:3      | Found a faded altar of an unknown god.
  1684 | D:3      | Noticed a black bear
  1694 | D:3      | HP: 6/25 [black bear (2)]
  1696 | D:3      | Slain by a black bear

Levels and vault maps discovered:
D:1:      minmay_arrival_loop, layout_loops_ring
D:2:      layout_loops_cross
D:3:      layout_loops_ring, shapermc_ecumenical_altar_mp_ritualfount

Skill      XL: |  1  2  3 |
---------------+----------+-----
Ranged Weapons | 6 7 |  7.7
Fighting       | |  1.5
Dodging        | |  2.4
Stealth        | |  1.2

Action                     |  1- 3 |  4- 6 || total
---------------------------+-------+-------++-------
   Fire: Shortbow          |   107 |    33 ||   140
    Use: Scroll            |     1 |     8 ||     9
 Armour: Leather armour    |     7 |     1 ||     8
         Scale mail        |       |     9 ||     9
  Dodge: Dodged            |    15 |    17 ||    32

Table legend:
 A = Non-vault XP
 B = Vault XP
 C = Vault XP percentage of total XP
 D = Non-vault monster count
 E = Vault monster count
 F = Vault count percentage of total count
                 A         B        C        D         E       F
            +---------+---------+-------+---------+---------+-------
      Total |     127 |       0 |   0.0 |      50 |       0 |   0.0
            +---------+---------+-------+---------+---------+-------
        D:1 |      48 |       0 |   0.0 |      26 |       0 |   0.0
        D:2 |      55 |       0 |   0.0 |      18 |       0 |   0.0
        D:3 |      24 |       0 |   0.0 |       6 |       0 |   0.0
            +---------+---------+-------+---------+---------+-------
